 Seeded DCSS version 0.30-a0-49-g1cef19eb02 (webtiles) character file.

Game seed: 15795215729224246994 (custom seed)

114 purpskrrrp the Shooter (level 5, -2/41 HPs)
             Began as a Formicid Hunter on Sept 2, 2022.
             Slain by a gnoll
             ... wielding a +0 spear
             ... led by a gnoll bouda
              (6 damage)
             ... on level 4 of the Dungeon.
             The game lasted 00:04:12 (2736 turns).

purpskrrrp the Shooter (Formicid Hunter)            Turns: 2736, Time: 00:04:14

Health: -2/41      AC:  6    Str: 15    XL:     5   Next: 19%
Magic:  5/5        EV: 10    Int:  9    God:
Gold:   110        SH:  0    Dex: 19    Spells: 4/4 levels left

rFire   . . .      SeeInvis +    e - +4 spear
rCold   . . .      Faith    .    (no shield)
rNeg    . . .      Spirit   .    f - +0 scale mail
rPois   .          Reflect  .    (helmet unavailable)
rElec   .          Harm     .    (no cloak)
rCorr   .          Rampage  .    (no gloves)
Will    .....                    (no boots)
Stlth   +.........               (no amulet)
HPRegen 0.13/turn                (no ring)
MPRegen 0.09/turn                (no ring)

@: weakened
A: permanent stasis, dig shafts and tunnels, antennae 3, four strong arms
a: Dig, Shaft Self


You were on level 4 of the Dungeon.
You visited 1 branch of the dungeon, and saw 4 of its levels.

You collected 110 gold pieces.

Inventory:

Hand Weapons
 a - a +0 shortbow
 e - a +4 spear (weapon)
Armour
 c - a +0 leather armour
 f - a +0 scale mail (worn)
 o - a +0 cloak
Wands
 i - a wand of paralysis (8)
Scrolls
 b - 2 scrolls of immolation
 j - a scroll of fog {unknown}
 k - a scroll of fear {unknown}
 m - a scroll of enchant armour {unknown}
 n - a scroll of noise {unknown}
Potions
 d - 3 potions of curing {unknown}
 g - a potion of lignification {unknown}
 h - a potion of experience {unknown}
 l - a potion of cancellation {unknown}


   Skills:
 + Level 3.3 Fighting
 + Level 4.5 Ranged Weapons
 + Level 2.6 Dodging
 + Level 3.2 Stealth


You had 4 spell levels left.
You didn't know any spells.
Your spell library was empty.

Dungeon Overview and Level Annotations

Branches:
Dungeon (4/15)
 Temple: D:4-7

Altars:
Hepliaklqana


Innate Abilities, Weirdness & Mutations

You cannot be hasted, slowed, berserked, paralysed or teleported.
You can dig through walls and to a lower floor.
You have a pair of large antennae on your head. (SInv)
Your four strong arms can wield two-handed weapons with a shield.


Message History

You feel your attacks grow feeble. The gnoll closely misses you.
The gnoll bouda gazes fiercely through you!
You feel as though you will be weak longer.
The kobold throws a stone.
The stone hits you but does no damage.
The gnoll hits you from afar with a +0 spear.
The gnoll bouda gazes fiercely through you!
You feel as though you will be weak longer.
The kobold hits you but does no damage. The kobold attacks as you move away!
The kobold barely misses you.
The gnoll hits you from afar with a +0 spear.
The gnoll barely misses you.
The kobold throws a stone.
The stone hits you. The gnoll barely misses you.
The gnoll hits you but does no damage.
Found a stone staircase leading down.
The gnoll hits you from afar with a +0 spear.
The gnoll hits you but does no damage. The gnoll barely misses you.
The gnoll attacks as you move away! The gnoll hits you but does no damage.
The gnoll is no longer moving quickly.
The gnoll bouda barks out a call to the hunt!
The gnoll picks up the pace!
The gnoll hits you from afar with a +0 spear.
Your attacks no longer feel as feeble.
The gnoll is no longer moving quickly.
The gnoll bouda gazes fiercely through you!
You feel your attacks grow feeble. The gnoll attacks as you move away!
The gnoll hits you with a +0 club. The gnoll hits you but does no damage.
The gnoll bouda barks out a call to the hunt!
The gnoll picks up the pace!
The gnoll attacks as you move away! The gnoll hits you with a +0 club.
* * * LOW HITPOINT WARNING * * *
There is a stone staircase leading up here.
The gnoll is no longer moving quickly.
The gnoll barely misses you. The gnoll hits you with a +0 flail!
* * * LOW HITPOINT WARNING * * *
The gnoll hits you from afar with a +0 spear.
You die...

.. #>## ......##
.......## .......##
##.##...#### ###
##.........g####..##
####.....g...g.g......#
..........g.K#gg@....##
........g....###....##
..............#...###
......#...###....##
.####'####.##...##
.#.......#..#..####
##.).....##.#..#..#
+.........+.......#
#.........##...####


You could see 5 gnolls and a goblin.

Vanquished Creatures
  4 adders (D:3)
  3 worms
  4 dart slugs
  6 bats
  5 endoplasms
  3 giant cockroaches
  8 goblins
  6 hobgoblins
  A quokka (D:1)
  5 ball pythons
  7 frilled lizards
  8 kobolds
  3 rats
63 creatures vanquished.

Notes
Turn   | Place    | Note
-------+----------+-------------------------------------------
     0 | D:1      | purpskrrrp the Formicid Hunter began the quest for the Orb.
     0 | D:1      | Reached XP level 1. HP: 16/16 MP: 1/1
   116 | D:1      | Reached XP level 2. HP: 23/23 MP: 2/2
   641 | D:1      | Reached XP level 3. HP: 28/28 MP: 3/3
  1150 | D:2      | Reached XP level 4. HP: 34/34 MP: 4/4
  2132 | D:3      | Found a faded altar of an unknown god.
  2247 | D:3      | Reached XP level 5. HP: 32/41 MP: 5/5
  2607 | D:3      | Found a hazy altar of Hepliaklqana.
  2736 | D:4      | Slain by a gnoll

Illustrated notes

Levels and vault maps discovered:
D:1:      amcnicky_arrival_flooded_fountain, layout_basic, serial_glass,
          glass_columns_c, glass_columns_b, glass_columns_a, glass_columns_a,
          glass_columns_b, glass_columns_a
D:2:      layout_loops_ring, minmay_misc_feat_nine_boxes,
          grunt_decor_mini_mirrors
D:3:      layout_basic, worldfamousw_hep_ancestral_shrine,
          hellmonk_ecumenical_altar_leap_of_faith, nrook_campfire,
          hangedman_decor_push
D:4:      nicolae_cairo_tiling_very_big, layout_cave_pools, old_standard_altar,
          minitemple, nicolae_shop_firing_range

Skill      XL: |  1  2  3  4 |
---------------+-------------+-----
Dodging        | 2 |  2.6
Stealth        | 2 3 |  3.2
Fighting       | 3 |  3.3
Ranged Weapons | |  4.5

Action                   |  1- 3 |  4- 6 || total
-------------------------+-------+-------++-------
Melee: Spear             |    80 |    76 ||   156
       Punch             |     1 |     1 ||     2
 Fire: Shortbow          |     3 |       ||     3
  Use: Potion            |     1 |       ||     1
 Stab: Sleeping          |     1 |     1 ||     2
Armor: Scale mail        |    12 |    39 ||    51
Dodge: Dodged            |    17 |    42 ||    59

Table legend: (Time is in decaauts)
 A = Elapsed time spent in this place.
 B = Non-inter-level travel time spent in this place.
 C = Inter-level travel time spent in this place.
 D = Time resting spent in this place.
 E = Time spent auto-exploring this place.
 F = Levels seen in this place.
 G = Mean time per level.
                   A        B        C        D        E       F      G
               +--------+--------+--------+--------+--------+-----+--------+
         Total |   2751 |   2705 |     46 |      0 |   2274 |   4 |  687.8 |
       Dungeon |   2751 |   2705 |     46 |      0 |   2274 |   4 |  687.8 |
               +--------+--------+--------+--------+--------+-----+--------+

Top non-repeatable levels by time:
     D:3: 1098 daAuts
     D:2: 883 daAuts
     D:1: 725 daAuts
     D:4: 43 daAuts
